Cogmind - Beta 16 @@@ ROGUE MODE // 2025.10.24 @ 14:48:32 Player: WetterLettuce Result: Self-destructed Performance ------------- Evolutions (5) 2500 Regions Visited (8) 1600 Robots Destroyed (58) 290 Value Destroyed (2262) 2262 Prototype IDs (1) 20 Alien Tech Used (0) 0 Bonus (0) 0 TOTAL SCORE: 6672 Bonus ------- None Cogmind --------- Core Integrity 334/1000 Matter 191/300 Energy 12/315 System Corruption 1% Temperature Cool (9) Movement Walking (120) Location -5/Factory Parts ------- > --- POWER (1) -------- Neutrino Core > --- PROPULSION (3) --- Carbon-fiber Leg Flexi-carbon Leg Flexi-carbon Leg > --- UTILITY (9) ------ Advanced Heat Sink Advanced Heat Sink Improved Signal Interpreter Transmission Jammer Shield Generator System Shield > --- WEAPON (4) ------- KE Penetrator KE Penetrator KE Penetrator > --- INVENTORY (5) ---- Improved Treads Carbon-fiber Leg Plasma Rifle KE Penetrator KE Penetrator Peak State ------------ > --- POWER ------------ Light Antimatter Reactor > --- PROPULSION ------- Carbon-fiber Leg Flexi-carbon Leg Flexi-carbon Leg > --- UTILITY ---------- Advanced Heat Sink Advanced Heat Sink Advanced Heat Sink Improved Signal Interpreter Transmission Jammer Scrap Shield Shield Generator System Shield > --- WEAPON ----------- KE Penetrator KE Penetrator KE Penetrator KE Penetrator > --- INVENTORY -------- Improved Treads Carbon-fiber Leg Plasma Rifle KE Penetrator KE Penetrator [Rating: 77] Favorites ----------- Power Ion Engine Engine Ion Engine Power Core Neutrino Core Reactor Light Antimatter Reactor Propulsion Light Treads Treads Light Treads Leg Aluminum Leg Wheel Compact Wheel Hover Unit Backup Propulsion I Utility Improved Targeting Computer Device Heat Sink Storage Medium Storage Unit Processor Improved Targeting Computer Hackware System Shield Protection Backup Plating I Weapon KE Penetrator Energy Gun Backup Laser I Ballistic Gun KE Penetrator Ballistic Cannon Light Cannon Build | -11 -10 -10 -8 -7 -6 -6 -6 -5 ------- Run | Yrd Mat Sub Mat Fac Fac Was Fac Fac Slots Evolved 10 | . . . 4 2 2 . . 2 Power . | . . . . . . . . . Propulsion 1 | . . . . 1 . . . . Utility 7 | . . . 3 1 2 . . 1 Weapon 2 | . . . 1 . . . . 1 Parts Attached 66 | 6 6 9 7 13 1 . 3 21 Power 8 | 1 1 1 . 1 . . 1 3 Engine 6 | 1 1 1 . 1 . . 1 1 Core 1 | . . . . . . . . 1 Reactor 1 | . . . . . . . . 1 Propulsion 17 | 2 2 2 2 3 . . . 6 Treads 4 | . . . . 3 . . . 1 Leg 10 | . 2 1 2 . . . . 5 Wheel 3 | 2 . 1 . . . . . . Hover . | . . . . . . . . . Flight . | . . . . . . . . . Utility 21 | 1 2 1 2 6 1 . 1 7 Device 7 | . 1 . . 1 . . . 5 Storage 3 | 1 1 . . . 1 . . . Processor 8 | . . 1 2 4 . . . 1 Hackware 2 | . . . . 1 . . 1 . Protection 1 | . . . . . . . . 1 Artifact . | . . . . . . . . . Weapon 20 | 2 1 5 3 3 . . 1 5 Energy Gun 2 | . . 1 . . . . . 1 Energy Cannon . | . . . . . . . . . Ballistic Gun 14 | 2 1 1 3 2 . . 1 4 Ballistic Cannon 4 | . . 3 . 1 . . . . Launcher . | . . . . . . . . . Special Weapon . | . . . . . . . . . Impact Weapon . | . . . . . . . . . Slashing Weapon . | . . . . . . . . . Piercing Weapon . | . . . . . . . . . Special Melee Weapon . | . . . . . . . . . Unidentified Prototypes 1 | . . . 1 . . . . . Parts Lost 46 | . 2 11 7 . . 6 7 13 Power 6 | . 1 1 1 . . 1 . 2 Propulsion 13 | . 1 3 2 . . 2 2 3 Utility 10 | . . 1 1 . . 3 2 3 Weapon 17 | . . 6 3 . . . 3 5 Highest Loss Streak 8 | . 1 5 2 . . 6 7 8 To Critical Strikes . | . . . . . . . . . Average Backups 4 | 1 7 8 3 3 2 6 3 4 Power . | . 1 . . . . . . . Propulsion . | . . 1 . . . . . 1 Utility 1 | . . 2 2 2 1 1 1 . Weapon 2 | . 5 4 . 1 1 4 2 2 Tool/Special . | . . . . . . . . . Unused Backups 6 | . 1 . 1 . . . . 4 Power . | . . . . . . . . . Propulsion 1 | . . . . . . . . 1 Utility . | . . . . . . . . . Weapon 5 | . 1 . 1 . . . . 3 Tool/Special . | . . . . . . . . . Average Slot Usage (%) 76 | . 98 83 42 89 93 67 48 59 Engine 7 | . 13 12 5 5 6 4 4 . Treads 5 | . . . . 17 20 15 . . Leg 8 | . 16 14 3 2 . . . 9 Wheel 2 | . 10 3 1 . . . . . Hover 1 | . . . . . . . 10 1 Device 7 | . 13 8 . 4 6 4 . 12 Storage 5 | . 14 14 2 . 6 4 . . Processor 11 | . . 3 20 33 26 24 . 1 Hackware 2 | . . . . 2 6 6 4 5 Protection 1 | . . . . . . . 10 3 Energy Gun 2 | . . 3 1 . . . 11 1 Ballistic Gun 14 | . 28 6 7 17 13 4 4 16 Ballistic Cannon 3 | . . 16 . 2 6 . . . Peak Build Rating 77 | 6 7 10 11 31 34 32 15 77 Average Rating 20 | 4 6 7 7 26 33 22 12 47 On Entrance 11 | . 6 7 9 7 31 34 1 4 Avg Prop Armor Cover (%) 15 | . . . 21 12 . . . . Naked Turns 6 | . . . . . . 3 3 . Heaviest Build 64 | 11 20 22 20 24 64 55 12 57 Greatest Support 60 | 26 26 20 20 60 60 60 12 55 Greatest Overweight (x) 6 | 2 1 5 2 . 1 1 . 6 Average Overweight (x) . | . . . . . 1 . . . Largest Inventory Capacity 25 | 8 10 10 10 5 25 25 5 5 Average Capacity 8 | 7 8 10 6 5 25 19 5 5 Most Carried 10 | 2 9 10 9 5 6 8 5 5 Average Carried 5 | 1 7 8 5 5 3 7 4 4 Final Capacity 25 | 8 10 10 5 5 25 5 5 5 Final Carried 9 | 2 9 9 5 5 6 5 5 5 Class Distribution -------------------- 56% | Mutant 22% | Scavenger-Gunner 11% | Scavenger-Tank 6% | Tank Dominant Class ---------------- Mutant | -10/Materials Mutant | -10/Subcaves Mutant | -8/Materials Scavenger-Gunner | -7/Factory Scavenger-Gunner | -6/Factory Scavenger-Mutant | -6/Waste Tank | -6/Factory Scavenger-Tank | -5/Factory Resources | -11 -10 -10 -8 -7 -6 -6 -6 -5 ----------- Run | Yrd Mat Sub Mat Fac Fac Was Fac Fac Matter Collected 1918 | 209 191 192 392 305 . . 108 521 Remotely . | . . . . . . . . . Salvage Created 2427 | . 312 184 325 507 . . 27 1072 Parts 112 | . 20 7 8 31 . . . 46 Haulers Intercepted . | . . . . . . . . . Recyclers Shooed . | . . . . . . . . . Parts Field Recycled . | . . . . . . . . . Retrieved Matter . | . . . . . . . . . Parts Self-Destructed 10 | . . 10 . . . . . . Prevented . | . . . . . . . . . Parts Restored . | . . . . . . . . . Kills | -11 -10 -10 -8 -7 -6 -6 -6 -5 ------- Run | Yrd Mat Sub Mat Fac Fac Was Fac Fac Combat Hostiles Destroyed 51 | . 9 7 6 12 . . . 17 Guns 39 | . 9 2 6 10 . . . 12 Cannons 11 | . . 5 . 2 . . . 4 Classes Destroyed 9 | . 4 2 . 1 . . . 2 Worker 2 | . 1 . . . . . . 1 Builder 1 | . . . . . . . . 1 Recycler 1 | . . . . . . . . 1 Watcher 3 | . 2 . . . . . 1 . Swarmer 12 | . 3 1 . 4 . . . 4 Grunt 24 | . 6 . 6 3 . . . 9 Sentry 6 | . . 1 . 3 . . . 2 Programmer 4 | . . . . 2 . . . 2 Subdweller 5 | . . 5 . . . . . . Best Kill Streak 6 | . 6 4 2 5 . . 1 5 Combat Bots Only 5 | . 4 4 2 5 . . . 5 Max Kills in Single Turn 2 | . 2 1 1 1 . . 1 2 Gunslinging . | . . . . . . . . . Exploded . | . . . . . . . . . Melee . | . . . . . . . . . Uniques/NPCs Destroyed . | . . . . . . . . . Combat | -11 -10 -10 -8 -7 -6 -6 -6 -5 -------- Run | Yrd Mat Sub Mat Fac Fac Was Fac Fac Hostile Shots Fired 552 | . 43 83 61 86 . 7 84 188 Missed 189 | . 13 29 18 35 . 2 31 61 Hits 363 | . 30 54 43 51 . 5 53 127 Melee 9 | . . . 4 . . 5 . . Projectile 354 | . 30 54 39 51 . . 53 127 AOE 4 | . . 4 . . . . . . Critical Strikes 17 | . . 4 2 . . 2 2 7 Damage Taken 6437 | . 302 1268 873 549 . 225 990 2230 Core 2114 | . 36 209 407 98 . 206 492 666 Absorbed by Shields 140 | . . . . . . . . 140 Core Remaining (%) 46 | 100 . 2 26 86 . . 17 . Volleys Fired 231 | . 40 44 40 23 . . 25 59 Largest 4 | . 2 2 2 3 . . 3 4 Hottest 132 | . 40 80 75 90 . . 83 132 Shots Fired 455 | . 80 80 45 66 . . 48 136 Gun 389 | . 80 31 45 62 . . 48 123 Cannon 66 | . . 49 . 4 . . . 13 Launcher . | . . . . . . . . . Special . | . . . . . . . . . Kinetic 369 | . 80 72 38 66 . . 24 89 Thermal 71 | . . . . . . . 24 47 Explosive . | . . . . . . . . . Electromagnetic 15 | . . 8 7 . . . . . Robot Hit Streak 15 | . 7 9 15 15 . . 4 11 Robot Miss Streak 12 | . 5 4 3 2 . . 4 12 Penetration Max 1 | . . . . . . . . 1 Secondary Targets 7 | . 1 . . 1 . . . 5 Max Gunslinging Chain 1 | . 1 . . 1 . . . 1 Shots Hit Robots 302 | . 41 52 38 57 . . 25 89 Core Hits 139 | . 19 12 18 28 . . 12 50 Critical Kills 2 | . . . . . . . . 2 Critical Parts Destroyed . | . . . . . . . . . Critical Strikes 4 | . . 2 . . . . . 2 Destroy 2 | . . . . . . . . 2 Blast 2 | . . 2 . . . . . . Melee Attacks . | . . . . . . . . . Impact . | . . . . . . . . . Slashing . | . . . . . . . . . Piercing . | . . . . . . . . . Sneak Attacks . | . . . . . . . . . Combat Hostiles . | . . . . . . . . . Follow-up Attacks . | . . . . . . . . . Damage Inflicted 5026 | . 552 795 561 992 . . 351 1775 Guns 4185 | . 552 236 561 885 . . 351 1600 Cannons 794 | . . 512 . 107 . . . 175 Explosions 47 | . . 47 . . . . . . Melee . | . . . . . . . . . Ramming . | . . . . . . . . . Kinetic 4348 | . 552 660 455 992 . . 259 1430 Thermal 484 | . . 47 . . . . 92 345 Explosive . | . . . . . . . . . Electromagnetic 194 | . . 88 106 . . . . . Impact . | . . . . . . . . . Slashing . | . . . . . . . . . Piercing . | . . . . . . . . . Highest Corruption 5 | . . . . 1 . 5 5 1 Average Corruption 3 | . . . . 1 . 5 5 1 Corruption Purged . | . . . . . . . . . Corruption Blocked . | . . . . . . . . . Effects 12 | . . . . . . 3 8 1 Message Errors 3 | . . . . . . 1 2 . Heat Flow Errors 3 | . . . . . . 1 2 . Data Loss (minor) 3 | . . . . . . . 2 1 Data Loss (major) 2 | . . . . . . 1 1 . Weapon Failures 1 | . . . . . . . 1 . Overload Shots . | . . . . . . . . . Overflow Damage . | . . . . . . . . . Projectiles . | . . . . . . . . . Explosions . | . . . . . . . . . Melee . | . . . . . . . . . Knockbacks 7 | . . 7 . . . . . . Impact . | . . . . . . . . . Kinetic 7 | . . 7 . . . . . . Secondary . | . . . . . . . . . Self-Inflicted Damage 33 | . . 33 . . . . . . Shots 1 | . . 1 . . . . . . Rammed . | . . . . . . . . . Targets Rammed . | . . . . . . . . . Kicked . | . . . . . . . . . Crushed . | . . . . . . . . . Highest Temperature 253 | . . . 41 48 . 113 253 53 Average Temperature 55 | . . . 16 18 . 71 109 23 Received Heat Transfer 1818 | . 111 195 387 78 . . 387 660 Siege Activations . | . . . . . . . . . Martial Activations . | . . . . . . . . . Shielding Activations . | . . . . . . . . . Robots Disrupted . | . . . . . . . . . Combat Hostiles . | . . . . . . . . . Robots Corrupted . | . . . . . . . . . Combat Hostiles . | . . . . . . . . . Parts Fried 1 | . . . 1 . . . . . Impact Corruptions . | . . . . . . . . . Robots Melted 1 | . . . . . . . . 1 Combat Hostiles 1 | . . . . . . . . 1 Parts Melted 4 | . . 1 . . . . . 3 Heat Transferred 1641 | . . 50 . . . . 370 1221 Parts Sabotaged . | . . . . . . . . . Parts Stolen . | . . . . . . . . . Parts Stripped . | . . . . . . . . . Power Chain Reactions 1 | . . 1 . . . . . . Alert | -11 -10 -10 -8 -7 -6 -6 -6 -5 ------- Run | Yrd Mat Sub Mat Fac Fac Was Fac Fac Maximum Alert Level . | . . . . . . . . . Low Security (%) 100 | 100 100 . 100 100 100 100 100 100 Level 1 . | . . . . . . . . . Level 2 . | . . . . . . . . . Level 3 . | . . . . . . . . . Level 4 . | . . . . . . . . . Level 5 . | . . . . . . . . . High Security . | . . . . . . . . . Max Security . | . . . . . . . . . Peak Influence 155 | . 97 . 55 155 37 . 45 133 Initial 37 | . . . . . 37 . . . Average 43 | . 37 . 18 69 9 . 3 66 Influence Increases 1353 | . 258 40 150 361 7 . 67 470 Destroy 0b10 Robot/C 920 | . 180 40 120 240 . . . 340 Destroy 0b10 Robot/NC 35 | . 15 . . . . . 5 15 Destroy Leader 186 | . 44 . 10 70 . . 2 60 Successful Hack 90 | . 4 . 5 50 7 . . 24 Disable Machine 15 | . 15 . . . . . . . Destroy Structure 17 | . . . . 1 . . . 16 Partial Spotted 15 | . . . . . . . . 15 Lose Combat Pursuer 75 | . . . 15 . . . 60 . Influence Decreases 1256 | . 258 40 150 284 84 . 67 373 Entered New Map 40 | . . . . . 40 . . . Time Decay 976 | . 238 10 100 284 44 . 27 273 Lost Part 240 | . 20 30 50 . . . 40 100 Squads Dispatched 17 | . 2 . 5 6 . . 2 2 Investigation 2 | . 1 . . 1 . . . . Extermination 4 | . . . . 2 . . 1 1 Reinforcement 5 | . 1 . 2 . . . 1 1 Assault . | . . . . . . . . . Garrison 6 | . . . 3 3 . . . . Intercept . | . . . . . . . . . Searches Triggered . | . . . . . . . . . Construction Impeded . | . . . . . . . . . Haulers Reinforced . | . . . . . . . . . Active Scanning Responses . | . . . . . . . . . Cargo Convoy Interrupts . | . . . . . . . . . Stealth | -11 -10 -10 -8 -7 -6 -6 -6 -5 --------- Run | Yrd Mat Sub Mat Fac Fac Was Fac Fac Distress Signals 8 | . 3 . 2 . . . 1 2 Communications Jammed . | . . . . . . . . . Distress Signals . | . . . . . . . . . Times Spotted 103 | . 16 10 17 12 . 6 13 29 Peak Tracking Total 11 | . 4 4 6 4 . 6 6 11 Tactical Retreats 4 | . . 1 1 . . . 2 . Traps | -11 -10 -10 -8 -7 -6 -6 -6 -5 ------- Run | Yrd Mat Sub Mat Fac Fac Was Fac Fac Traps Triggered 3 | . 1 . . 1 1 . . . Indirectly . | . . . . . . . . . Trap Hack Attempts . | . . . . . . . . . Triggered . | . . . . . . . . . Disarmed . | . . . . . . . . . Reprogrammed . | . . . . . . . . . Reused . | . . . . . . . . . Traps Extracted . | . . . . . . . . . Installed . | . . . . . . . . . Triggered . | . . . . . . . . . Machines | -11 -10 -10 -8 -7 -6 -6 -6 -5 ---------- Run | Yrd Mat Sub Mat Fac Fac Was Fac Fac Machines Disabled 1 | . 1 . . . . . . . Max in Single Turn 1 | . 1 . . . . . . . Machines Repaired . | . . . . . . . . . Machines Dismantled . | . . . . . . . . . Machines Sabotaged . | . . . . . . . . . Overloaded Fab Kills . | . . . . . . . . . Hacking | -11 -10 -10 -8 -7 -6 -6 -6 -5 --------- Run | Yrd Mat Sub Mat Fac Fac Was Fac Fac Machines Accessed 22 | . 3 . 2 9 2 . 3 3 Terminals 9 | . 2 . 1 4 2 . . . Fabricators 5 | . . . . 3 . . 1 1 Repair Stations 3 | . . . . . . . 1 2 Recycling Units 3 | . 1 . 1 1 . . . . Scanalyzers 2 | . . . . 1 . . 1 . Garrison Access . | . . . . . . . . . Total Hacks 37 | . 4 . 5 14 5 . 5 4 Successful 14 | . 2 . 2 3 2 . 3 2 Failed 23 | . 2 . 3 11 3 . 2 2 Catastrophic 3 | . 1 . . 1 . . . 1 Database Lockouts . | . . . . . . . . . Manual 23 | . 4 . 5 9 2 . 1 2 Terminals 17 | . 3 . 3 6 5 . . . Fabricators 6 | . . . . 4 . . 1 1 Repair Stations 4 | . . . . . . . 1 3 Recycling Units 4 | . 1 . 2 1 . . . . Scanalyzers 6 | . . . . 3 . . 3 . Garrison Access . | . . . . . . . . . Terminal Hacks 1 | . . . . . 1 . . . Branch Access Points 1 | . . . . . 1 . . . Fabricator Hacks . | . . . . . . . . . Repair Station Hacks 2 | . . . . . . . 1 1 Refit 2 | . . . . . . . 1 1 Recycling Unit Hacks . | . . . . . . . . . Scanalyzer 2 | . . . . . . . 2 . Insert Component 1 | . . . . . . . 1 . Retrieve Study 1 | . . . . . . . 1 . Garrison Access Hacks . | . . . . . . . . . Unauthorized Hacks 9 | . 2 . 2 3 1 . . 1 Terminals 6 | . 2 . 1 2 1 . . . Botnet 6 | . 2 . 1 2 1 . . . Fabricators 2 | . . . . 1 . . . 1 Fabnet 2 | . . . . 1 . . . 1 Repair Stations . | . . . . . . . . . Recycling Units 1 | . . . 1 . . . . . Recyclers 1 | . . . 1 . . . . . Scanalyzers . | . . . . . . . . . Garrison Access . | . . . . . . . . . Data Cores Recovered . | . . . . . . . . . Used . | . . . . . . . . . Hacking Detections 16 | . 1 . 2 9 1 . 2 1 Full Trace Events . | . . . . . . . . . Feedback Events . | . . . . . . . . . Feedback Blocked . | . . . . . . . . . Robot Schematics Acquired . | . . . . . . . . . Robots Built . | . . . . . . . . . Authchips . | . . . . . . . . . Time . | . . . . . . . . . Total Robot Build Rating . | . . . . . . . . . Part Schematics Acquired . | . . . . . . . . . Parts Built . | . . . . . . . . . Authchips . | . . . . . . . . . Time . | . . . . . . . . . Total Part Build Rating . | . . . . . . . . . Part Studies Acquired 1 | . . . . . . . 1 . Parts Repaired . | . . . . . . . . . Time . | . . . . . . . . . Parts Recycled . | . . . . . . . . . Recycled Matter . | . . . . . . . . . Retrieved Matter . | . . . . . . . . . Retrieved Components . | . . . . . . . . . Parts Scanalyzed . | . . . . . . . . . Part Schematics Acquired . | . . . . . . . . . Parts Damaged . | . . . . . . . . . Bothacking | -11 -10 -10 -8 -7 -6 -6 -6 -5 ------------ Run | Yrd Mat Sub Mat Fac Fac Was Fac Fac Used RIF Installer . | . . . . . . . . . Robots Hacked . | . . . . . . . . . Non-combat . | . . . . . . . . . Combat . | . . . . . . . . . Robot Hacks Applied . | . . . . . . . . . Relay Couplers Released . | . . . . . . . . . Fabnet Peak Effective % 3 | . . . . . 3 3 3 1 Robots Rewired . | . . . . . . . . . Allies Hacked . | . . . . . . . . . Hacks Repelled . | . . . . . . . . . Allies | -11 -10 -10 -8 -7 -6 -6 -6 -5 -------- Run | Yrd Mat Sub Mat Fac Fac Was Fac Fac Total Allies . | . . . . . . . . . Largest Group . | . . . . . . . . . Highest-Rated Group . | . . . . . . . . . Highest-Rated Ally . | . . . . . . . . . Total Orders . | . . . . . . . . . Ally Attacks . | . . . . . . . . . Total Damage . | . . . . . . . . . Kills . | . . . . . . . . . Allies Corrupted . | . . . . . . . . . Allies Melted . | . . . . . . . . . Intel | -11 -10 -10 -8 -7 -6 -6 -6 -5 ------- Run | Yrd Mat Sub Mat Fac Fac Was Fac Fac Active Infowar (turns) 521 | . . . 165 . . . . 356 Machine Analysis 165 | . . . 165 . . . . . Jamming 356 | . . . . . . . . 356 Robot Analysis Total . | . . . . . . . . . Derelict Logs Recovered 1 | . . 1 . . . . . . Drone Launches . | . . . . . . . . . Drone Recoveries . | . . . . . . . . . Exploration | -11 -10 -10 -8 -7 -6 -6 -6 -5 ------------- Run | Yrd Mat Sub Mat Fac Fac Was Fac Fac Turns Passed 3496 | 59 607 649 306 689 187 69 261 669 Spaces Moved 2112 | 44 368 314 204 462 77 67 276 300 Core 408 | 10 . 2 133 126 . 37 74 26 Treads 447 | . . . . 320 77 30 . 20 Legs 645 | . 215 185 35 16 . . . 194 Wheels 350 | 34 153 127 36 . . . . . Hover 262 | . . . . . . . 202 60 Flight . | . . . . . . . . . Fastest Speed 50 | 50 90 110 50 50 240 50 50 50 Average Speed 125 | 92 107 162 95 128 240 100 69 154 Slowest Speed 350 | 150 190 300 150 160 240 240 76 350 Overloaded Moves . | . . . . . . . . . Propulsion Burnouts . | . . . . . . . . . Robots Hopped . | . . . . . . . . . Potential Cave-ins . | . . . . . . . . . Cave-ins Triggered . | . . . . . . . . . Exploration Rate (%) 26 | 4 67 23 28 15 3 80 11 9 Regions Visited 8 Branch Regions 1 Pre-discovered Areas . | . . . . . . . . . Known Exits Taken . | . . . . . . . . . Unknown Exits Taken 6 | 1 1 1 1 1 . . 1 . Scrap Searched . | . . . . . . . . . Spaces Dug . | . . . . . . . . . Terrain Destroyed 18 | . . 9 . . . . . 9 Melee . | . . . . . . . . . Projectile 9 | . . . . . . . . 9 AOE 9 | . . 9 . . . . . . Terrain Rammed . | . . . . . . . . . Walls Destroyed . | . . . . . . . . . Machines Disabled . | . . . . . . . . . Actions | -11 -10 -10 -8 -7 -6 -6 -6 -5 --------- Run | Yrd Mat Sub Mat Fac Fac Was Fac Fac Total 2561 | 59 498 372 272 513 81 69 306 391 Wait 113 | 8 72 . 19 12 . . . 2 Move 2105 | 43 367 313 203 461 77 66 275 300 Hop . | . . . . . . . . . Pick Up 28 | 2 9 6 2 . 3 . 1 5 Fast Attach 45 | 6 3 1 4 13 . . 1 17 Attach 17 | . 1 8 3 . 1 . 1 3 Detach 3 | . . . . . . 2 . 1 Swap 5 | . 2 . . . . . 1 2 Drop 14 | . 4 . 1 4 . 1 2 2 Fire 231 | . 40 44 40 23 . . 25 59 Melee . | . . . . . . . . . Ram . | . . . . . . . . . Kick . | . . . . . . . . . Crush . | . . . . . . . . . Escape Stasis . | . . . . . . . . . Rewire . | . . . . . . . . . Trap . | . . . . . . . . . Miscellaneous . | . . . . . . . . . Route ------- -11/Scrapyard -10/Materials (discovered 3 exits: [*Mat x2] / [*Sub]) -10/Subcaves (discovered 2 exits: *Mat x2) -8/Materials -7/Factory -6/Factory (discovered 4 exits: *Low x2 / Ext x2) -6/Waste -6/Factory -5/Factory History --------- Turn | Location | Event 8 | -11/Scrapyard | Discovered new exit (range 16) 60 | -11/Scrapyard | Entered Materials 316 | -10/Materials | Build established: Mutant 344 | -10/Materials | Discovered new exit (range 10) 465 | -10/Materials | Discovered new exit (range 13) 656 | -10/Materials | Discovered new exit (range 8) 667 | -10/Materials | Entered Subcaves 668 | -10/Subcaves | Approached by a straggling Scientist 798 | -10/Subcaves | Ambushed by Subdweller buried in earth 798 | -10/Subcaves | Ambushed by Subdweller buried in earth 799 | -10/Subcaves | Core integrity fell below 50% 800 | -10/Subcaves | Ambushed by Subdweller buried in earth 837 | -10/Subcaves | Lost 3 parts (1n2w) 965 | -10/Subcaves | Discovered new exit (range 12) 975 | -10/Subcaves | Learned Materials trap positions 1053 | -10/Subcaves | Discovered new exit (range 8) 1129 | -10/Subcaves | Lost 5 parts (1p1n1u2w) 1220 | -10/Subcaves | Shifting Twisted Machinery released Flamer 1235 | -10/Subcaves | Shifting Twisted Machinery released Sub. Machine Gun 1255 | -10/Subcaves | Core integrity fell below 20% 1316 | -10/Subcaves | Entered Materials 1316 | -8/Materials | Evolved 4 slots: Utility x3, Weapon x1 1317 | -8/Materials | Loaded intel: 10 trap records 1377 | -8/Materials | Garrison activated, responded to threat 1553 | -8/Materials | Core integrity fell below 50% 1620 | -8/Materials | Discovered new exit (range 4) 1622 | -8/Materials | Entered Factory 1622 | -7/Factory | Evolved 2 slots: Propulsion x1, Utility x1 1868 | -7/Factory | Garrison activated, responded to threat 2025 | -7/Factory | Build established: Scavenger-Gunner 2203 | -7/Factory | Discovered new exit (range 15) 2311 | -7/Factory | Entered another Factory area 2311 | -6/Factory | Evolved 2 slots: Utility x2 2368 | -6/Factory | Discovered new exit (range 11) 2384 | -6/Factory | Identified exit to Lower Caves 2384 | -6/Factory | Identified exit to Extension 2498 | -6/Factory | Sucked down chute 2498 | -6/Factory | Entered Waste 2513 | -6/Waste | EMP discharged 2531 | -6/Waste | Spotted C-40 Crusher 2539 | -6/Waste | Spotted C-40 Crusher 2543 | -6/Waste | Spotted C-40 Crusher 2546 | -6/Waste | Crushed by Compactor (1 part destroyed, 2 dropped) 2546 | -6/Waste | Spotted C-40 Crusher 2547 | -6/Waste | Crushed by Compactor (1 part destroyed, 1 dropped) 2553 | -6/Waste | Spotted C-40 Crusher 2554 | -6/Waste | Crushed by Compactor (1 part destroyed, 1 dropped) 2558 | -6/Waste | Spotted C-40 Crusher 2559 | -6/Waste | Discovered new exit (range 16) 2560 | -6/Waste | Crushed by Compactor (1 part destroyed, 1 dropped) 2564 | -6/Waste | Crushed by Compactor (1 part destroyed) 2567 | -6/Waste | Entered Factory 2595 | -6/Factory | Lost 6 parts (1p2n3u) 2805 | -6/Factory | Core integrity fell below 50% 2821 | -6/Factory | Core integrity fell below 20% 2824 | -6/Factory | Discovered new exit (range 9) 2828 | -6/Factory | Entered another Factory area 2828 | -5/Factory | Evolved 2 slots: Utility x1, Weapon x1 2842 | -5/Factory | Lost 7 parts (2n2u3w) 2978 | -5/Factory | Core integrity fell below 50% 2996 | -5/Factory | Lost 8 parts (2p2n1u3w) 3402 | -5/Factory | Build established: Scavenger-Tank 3467 | -5/Factory | Spotted B-75 Beast 3497 | -5/Factory | Self-destructed Last Messages --------------- R-10 Processor collects Imp. Medium Armor Plating. K-01 Serf collects debris. Acquired Neutrino Core. R-10 Processor collects Field Recycling Unit. K-01 Serf collects debris. System corrupted: Component data lost. K-01 Serf collects debris. R-10 Processor collects Com. Wheel. K-01 Serf collects debris. U-05 Engineer builds a Wall. K-01 Serf collects debris. Critical hit (Burn: +37). K-01 Serf collects debris. R-10 Processor collects Imp. Treads. K-01 Serf collects debris. R-10 Processor collects Com. Wheel. K-01 Serf collects debris. Scrap Shield destroyed. KE Penetrator destroyed. Map ----- +----------------------------------------------------+ | ?????????????????????????????????????????????????? | | ?????????????????????????????????????????????????? | | ?????????????????????????????????????????????????? | | ?????????????????????????????????????????????????? | | ?????????????????????????????????????????????????? | | ?????????????????????????????????????????????????? | | ?????????????????????############????????????????? | | ???????????????????# #????????????????? | | ???????????????????# #????????????????? | | ??????? ?????????# ! #????????????????? | | ??##### ???????# #????????????????? | | #?????# #????????????????? | | #?????# #????????????????? | | #?????# #????????????????? | | #?????# #????????????????? | | #?????? #????????????????? | | #???????? #????????????????? | | #?????????? #????????????????? | | #???????????? ?###########??????? | | ###############+#### #??????? | | ###### | | | | uBB | | w BB k | | % g gg | | @ gg u u | | % u g g ###/#### | | ######+####### #########;##;; #??????? | | # # # ###########??????? | | # # # #????????????????? | | # # # """"""""" #????????????????? | | # """"" # # #????????????????? | | # """"" !# # """"""""" #????????????????? | | # """ # # #????????????????? | | # =#[# """"""""" #????????????????? | | # ["%# #????????????????? | | # "" "" !#*#???"""""""" #????????????????? | | # ""F"" # #?????? ???#????????????????? | | # """ # #?????????????????????????????? | | # # #?????????????????????????????? | | ############## #?????????????????????????????? | | ##############"##????????????????????????????? | | # #????????????????????????????? | | # #????????????????????????????? | | # *#????????????????????????????? | | %[ # #????????????????????????????? | | # """"""" #????????????????????????????? | | #???""""""" #????????????????????????????? | | #????"""""" #????????????????????????????? | | +???????""" #????????????????????????????? | +----------------------------------------------------+ Best States ------------- Heat Dissipation 97 Energy Generation 21 Energy Capacity 315 Matter Stores 300 Matter Capacity 300 Sight Range 16 Terrain Scan Density 10 Jamming Range 12 Armor Coverage 800 Evasion (%) 55 Targeting Accuracy 34 Recoil Reduction 3 Defensive Hacking 10 Item Schematics ----------------- None Robot Schematics ------------------ None Fabricated ------------ Nothing Repaired ---------- Nothing Studied --------- Lgt. Deuterium Engine | -6/Factory | Hacked Alien Tech Used ----------------- None Achievements -------------- Do Not Disturb Fitting Room Challenges ------------ None Game ------ Seed FluxIntegrityPenetrator Manual? 0 Play Time 00:27:44 Cumulative 92.8 hours Start 2025.10.24 @ 14:22:13 End 2025.10.24 @ 14:48:32 Sessions 1 Manual Loads 0 Difficulty Rogue Special Mode None Game No. 106 Rogue 106 Adventurer 0 Explorer 0 Win Type - Total 1 Types 1/0/0/0/0/0/0/0/0/0 Lore% 69 Gallery% 54 Achievement% 34 Wizard Run 0 Options --------- Layout 1 ASCII 0 Keyboard 0 Movement Mouse Keybinds 0 Fullscreen 2 Font 24/Smallcaps Map View 50x35 Zoom Use 0% Tactical HUD 0 Map Filters NONE Filters NONE Steam 1 RUN: 85906eee-5104-416b-859b-35432c424745